Map: Neon Violet Square LE

Players

axu

  • Race: Protoss Protoss
  • League: Platinum
  • Spawn Location: 5:00

Hawk - Winner!

  • Race: Protoss Protoss
  • League: Platinum
  • Spawn Location: 11:00

VOD

Have the link to the VOD?

Description

Time

  • Played on: May 7, 2018, 9:40 a.m.
  • Length: 6:19
Show
View Real Time Build Order
Export as new Build Order

axu Protoss 

Build Orders:  

Get SALT Encoding   

  12  0:01  Probe  
  14  0:14  Probe  
  14  0:19  Pylon  
  14  0:26  Probe  
  15  0:38  Probe  
  15  0:42  Gateway  
  16  0:49  Probe  
  16  0:51  Assimilator  
  17  0:58  Probe  
  18  1:05  Assimilator  
  18  1:10  Gateway  
  18  1:18  Probe  
  19  1:30  Probe  
  20  1:37  Cybernetics Core  
  20  1:42  Probe  
  21  1:47  Pylon  
  21  1:54  Probe  
  22  2:06  Adept x2, Probe  
  23  2:15  Warp Gate  
  27  2:18  Probe  
  28  2:25  Pylon  
  28  2:31  Stalker  
  30  2:43  Stalker, Probe  
  33  3:10  Shield Battery  
  33  3:33  Stalker x2  
  37  4:00  Robotics Facility  
  33  4:15  Shield Battery  
  33  4:28  Nexus  
  33  4:33  Stalker  
  33  4:34  Stalker  
  33  4:37  Probe  
  38  4:45  Pylon  
  37  4:57  Immortal  
  37  5:03  Shield Battery  
  37  5:06  Shield Battery  
  41  5:26  Gateway x2  
  34  5:56  Stalker x2  
Show
View Real Time Build Order
Export as new Build Order

Hawk Protoss - Winner!

Build Orders: Blink Stalkers 

Get SALT Encoding   

  12  0:00  Probe  
  13  0:12  Probe  
  14  0:18  Pylon  
  14  0:21  Pylon  
  14  0:24  Probe  
  15  0:37  Probe  
  15  0:42  Gateway  
  16  0:47  Probe  
  16  0:51  Assimilator  
  17  1:00  Probe  
  17  1:02  Assimilator  
  18  1:12  Probe  
  18  1:14  Gateway  
  19  1:24  Probe  
  20  1:29  Cybernetics Core  
  20  1:33  Probe  
  21  1:41  Probe  
  21  1:45  Pylon  
  22  1:51  Probe  
  23  2:03  Probe  
  23  2:06  Adept x2  
  23  2:08  Warp Gate  
  28  2:19  Twilight Council  
  28  2:22  Probe  
  29  2:40  Stalker  
  31  2:49  Pylon  
  31  3:07  Stalker, Probe  
  31  3:08  Pylon  
  34  3:14  Stalker  
  36  3:21  Pylon  
  36  3:29  Blink  
  36  3:34  Stalker  
  38  3:58  Gateway  
  38  4:04  Shield Battery  
  38  4:06  Pylon  
  38  4:13  Pylon  
  36  4:25  Stalker  
  36  4:27  Stalker  
  40  4:52  Stalker x2  
  44  4:55  Stalker  
  46  5:10  Shield Battery  
  46  5:16  Stalker x2  
  46  5:20  Stalker  
  50  5:43  Stalker x2  
  50  5:44  Stalker  
  52  6:09  Stalker x2  
  52  6:10  Stalker  
Tags
 
Add a new tag
Caveats
  • Supply blocks, unpowered buildings, or Contaminate may cause inaccurate times.
  • Supply counts are checked every 10 seconds.